Map: Acid Plant LE

Players

BoOHjaKa - Winner!

  • Race: Protoss Protoss
  • League: Platinum
  • Spawn Location: 11:00

axu

  • Race: Protoss Protoss
  • League: Platinum
  • Spawn Location: 5:00

VOD

Have the link to the VOD?

Description

Time

  • Played on: May 21, 2018, 7:26 a.m.
  • Length: 7:21
Show
View Real Time Build Order
Export as new Build Order

BoOHjaKa Protoss - Winner!

Build Orders:  

Get SALT Encoding   

  12  0:02  Probe  
  13  0:14  Probe  
  13  0:18  Pylon  
  14  0:26  Probe  
  15  0:35  Probe  
  15  0:37  Gateway  
  16  0:43  Probe  
  17  0:52  Assimilator, Probe  
  18  1:00  Probe  
  18  1:07  Assimilator  
  18  1:11  Probe  
  19  1:13  Pylon  
  20  1:24  Cybernetics Core  
  20  1:26  Probe  
  21  1:38  Probe  
  22  1:51  Probe  
  23  1:55  Gateway  
  23  1:56  Warp Gate  
  23  2:07  Pylon  
  23  2:14  Stalker  
  25  2:27  Pylon  
  25  2:39  Gateway  
  25  2:41  Gateway  
  25  2:43  Gateway  
  25  2:47  Stalker  
  27  2:54  Stalker  
  26  3:38  Probe  
  27  3:51  Probe  
  28  4:01  Stalker  
  28  4:02  Stalker  
  32  4:03  Stalker x2  
  32  4:04  Stalker  
  38  4:29  Stalker  
  38  4:30  Stalker x3  
  28  5:03  Stalker  
  28  5:04  Stalker  
  28  5:06  Stalker  
  34  5:07  Stalker  
  36  5:17  Stalker  
  38  5:23  Pylon  
  38  5:39  Pylon  
  38  5:45  Stalker  
  38  5:46  Stalker  
  42  5:50  Stalker  
  43  6:18  Stalker x2  
  42  6:19  Stalker  
Show
View Real Time Build Order
Export as new Build Order

axu Protoss 

Build Orders:  

Get SALT Encoding   

  12  0:11  Probe  
  13  0:17  Pylon  
  13  0:24  Probe  
  14  0:36  Probe  
  14  0:39  Gateway  
  15  0:45  Probe  
  16  0:54  Assimilator  
  16  0:56  Probe  
  16  0:58  Assimilator  
  17  1:10  Gateway  
  17  1:16  Probe  
  18  1:27  Cybernetics Core  
  18  1:37  Probe  
  19  1:49  Probe  
  19  1:50  Pylon  
  20  1:59  Adept  
  20  2:01  Probe  
  21  2:04  Warp Gate  
  23  2:08  Adept  
  25  2:27  Adept  
  27  2:44  Gateway  
  27  2:46  Stalker  
  27  2:48  Gateway  
  27  2:50  Pylon  
  29  2:54  Probe  
  30  3:08  Stalker  
  32  3:24  Stalker  
  30  3:38  Stalker  
  32  3:43  Pylon  
  32  3:46  Pylon  
  31  4:08  Shield Battery  
  31  4:19  Stalker  
  31  4:20  Stalker x2  
  37  4:29  Stalker  
  31  4:55  Stalker x2  
  31  5:03  Pylon  
  30  5:24  Probe  
  31  5:30  Pylon  
  31  5:36  Probe  
  32  6:00  Nexus  
  31  6:12  Stalker x2  
  13  6:49  Probe  
Tags
 
Add a new tag
Caveats
  • Supply blocks, unpowered buildings, or Contaminate may cause inaccurate times.
  • Supply counts are checked every 10 seconds.